 Dungeon Crawl Stone Soup version 0.28.0-53-g5a82cb258f (webtiles) character file.

Game seed: 8506471137738449224

25 DocClef the Skirmisher (level 2, -3/28 HPs)
             Began as a Draconian Fighter on June 15, 2022.
             Slain by a hobgoblin (4 damage)
             ... led by Robin
             ... on level 2 of the Dungeon.
             The game lasted 00:01:13 (814 turns).

DocClef the Skirmisher (Draconian Fighter)           Turns: 814, Time: 00:01:14

Health: -3/28      AC:  5    Str: 18    XL:     2   Next: 82%
Magic:  2/2        EV: 11    Int:  8    God:
Gold:   27         SH:  4    Dex: 10    Spells: 1/1 levels left

rFire   . . .      SeeInvis .   a - +0 war axe
rCold   . . .      Faith    .   b - +0 buckler
rNeg    . . .      Spirit   .   (armour unavailable)
rPois   .          Reflect  .   (helmet restricted)
rElec   .          Harm     .   (no cloak)
rCorr   .          Rampage  .   (no gloves)
Will    .....                   f - +0 pair of boots
Stlth   +.........              (no amulet)
HPRegen 0.09/turn               (no ring)
MPRegen 0.08/turn               (no ring)

@: no status effects
A: AC +4, unfitting armour, cold-blooded
a: no special abilities


You were on level 2 of the Dungeon.
You visited 1 branch of the dungeon, and saw 2 of its levels.

You collected 27 gold pieces.

Inventory:

Hand Weapons
 a - a +0 war axe (weapon)
Armour
 b - a +0 buckler (worn)
 f - a +0 pair of boots (worn)
Scrolls
 e - 2 scrolls of identify {unknown}
 g - a scroll of fog {unknown}
Potions
 c - a potion of might
 d - a potion of curing {unknown}


   Skills:
 + Level 4.5 Fighting
 - Level 2.0 Axes
 - Level 2.6 Dodging
 - Level 3.0 Shields


You had one spell level left.
You didn't know any spells.
Your spell library contained the following spells:

 Spells                   Type           Power      Damage    Failure   Level
 Beastly Appendage        Tmut           0%         N/A       50%         1
 Summon Small Mammal      Summ           0%         N/A       50%         1
 Wereblood                Tmut           0%         N/A       65%         2
 Call Canine Familiar     Summ           0%         N/A       86%         3
 Spider Form              Tmut/Pois      0%         N/A       86%         3
 Summon Guardian Golem    Hex/Summ       0%         N/A       86%         3


Dungeon Overview and Level Annotations

Branches:
Dungeon (2/15)

Altars:

Annotations:
D:2 Robin


Innate Abilities, Weirdness & Mutations

Your plain brown scales are hard. (AC +4)
You cannot fit into any form of body armour.
You are cold-blooded and may be slowed by cold attacks.


Message History

You are electrocuted!
Robin throws the goblin at you! The goblin barely misses you.
You are too injured to fight recklessly!
You are too injured to fight recklessly!
You are too injured to fight recklessly!
You are too injured to fight recklessly!
You are too injured to fight recklessly!
You are too injured to fight recklessly!
You are too injured to fight recklessly!
You are too injured to fight recklessly!
You are too injured to fight recklessly!
You are too injured to fight recklessly!
You are too injured to fight recklessly!
You are too injured to fight recklessly!
You are too injured to fight recklessly!
You are too injured to fight recklessly!
You are too injured to fight recklessly!
You are too injured to fight recklessly!
You are too injured to fight recklessly!
You are too injured to fight recklessly!
You are too injured to fight recklessly!
You are too injured to fight recklessly!
Unknown command.
You closely miss the goblin.
Your tail-slap misses the goblin.
You barely miss the goblin. The goblin barely misses you.
The goblin hits you with a +2 dagger of electrocution.
* * * LOW HITPOINT WARNING * * *
The goblin hits you with a +0 dagger.
* * * LOW HITPOINT WARNING * * *
Unknown command.
You slash the goblin!
You kill the goblin!
You barely miss the goblin.
Robin roars a battlecry!
The goblin hits you with a +0 dagger.
* * * LOW HITPOINT WARNING * * *
A goblin comes into view. It is wielding a +0 club.
Robin says, "Feeling lonely?"
The hobgoblin hits you.
You die...

##### #...
#g#####.#####
#.gg@g......#
#######.###.#
#.....#
#####.#########
#...........#
#.#†#######.#
###.#.........#
#...#.#########
#.>..........


You could see Robin, a hobgoblin (strong) and 2 goblins.

Vanquished Creatures
  4 endoplasms
  A giant cockroach (D:1)
  3 goblins
  2 hobgoblins (D:1)
  A quokka (D:1)
  A ball python (D:1)
  4 bats (D:1)
  2 frilled lizards
  3 kobolds (D:1)
  4 rats
25 creatures vanquished.

Vanquished Creatures (others)
  2 plants (D:1)
2 creatures vanquished.

Grand Total: 27 creatures vanquished

Notes
Turn   | Place    | Note
-------+----------+-------------------------------------------
     0 | D:1      | DocClef the Draconian Fighter began the quest for the Orb.
     0 | D:1      | Reached XP level 1. HP: 19/19 MP: 1/1
   258 | D:1      | Found a faded altar of an unknown god.
   264 | D:1      | Reached skill level 4 in Fighting
   264 | D:1      | Reached XP level 2. HP: 27/27 MP: 2/2
   811 | D:2      | Noticed Robin
   814 | D:2      | HP: 1/28 [goblin/+0 dagger[Robin] (3)]
   814 | D:2      | Slain by a hobgoblin

Illustrated notes

Levels and vault maps discovered:
D:1:      dpeg_arrival_windows_large_door, layout_loops_ring,
          hellmonk_ecumenical_altar_arch_garden, chequers_big_river
D:2:      layout_basic, minmay_stone_trees_medium, uniq_jessica, uniq_robin

Skill      XL: |  1 |
---------------+----+-----
Fighting       | 4 |  4.5
Axes           | |  2.0
Dodging        | |  2.6
Shields        | |  3.0

Action                   || total
-------------------------++-------
Melee: War axe           ||    52
       Tailslap          ||     2
Armor: Skin              ||    14
Dodge: Dodged            ||    45
Block: Buckler           ||    14
